[Event "Titled Tuesday Blitz June 28 Early 2022"]
[White "Fernandez Hernandez, Gerardo"]
[Black "Kuzmin, Roman"]
[WhiteFideId "2207400"]
[BlackFideId "44134932"]
[WhiteElo "2239"]
[BlackElo "1968"]
[Result "0-1"]
[Round "05"]
[TimeControl "180+1"]
[Date "2022.06.28"]
[WhiteClock "0:00:14"]
[BlackClock "0:00:06"]

1. e4 c5 2. Nc3 e6 3. Nge2 Nc6 4. g3 g6 5. Bg2 Bg7 6. O-O Nge7 7. d3 O-O 8. f4 d6 9. Be3 b6 10. Qd2 Bb7 11. Rad1 d5 12. exd5 exd5 13. d4 Nf5 14. Bf2 Ncxd4 15. Nxd4 Nxd4 16. Nb1 Re8 17. Rfe1 Rxe1+ 18. Rxe1 Qd7 19. c3 Nb5 20. Qd3 Rd8 21. Nd2 a6 22. Nf3 d4 23. c4 Nd6 24. Ne5 Bxe5 25. fxe5 Bxg2 26. exd6 Bb7 27. Re7 Qc6 28. Kf1 Rxd6 29. Qe2 Re6 30. Rxe6 Qxe6 31. Qxe6 fxe6 32. Ke2 e5 33. Be1 Kf7 34. b4 Ke6 35. bxc5 bxc5 36. a4 e4 37. Ba5 Kd6 38. Bb6 Bc8 39. Ba7 Be6 40. Bb8+ Kc6 41. Be5 Bxc4+ 42. Kd1 e3 43. Bf4 Kd5 44. Bg5 Ke4 45. Bh6 d3 46. Bg5 Bb3+ 47. Ke1 d2+ 0-1


[Site "https://www.chess.com"]

[Event "Titled Tuesday Blitz June 28 Early 2022"]
[White "Garcia Cuenca, Victor"]
[Black "Ferreira, Vitor Hugo Vieira"]
[WhiteFideId "2250829"]
[BlackFideId "2119765"]
[WhiteElo "2317"]
[BlackElo "2165"]
[Result "1/2-1/2"]
[Round "05"]
[TimeControl "180+1"]
[Date "2022.06.28"]
[WhiteClock "0:00:21"]
[BlackClock "0:00:18"]

1. b3 Nf6 2. Bb2 d5 3. e3 Bg4 4. Nf3 c6 5. Be2 Nbd7 6. O-O e6 7. d4 Bd6 8. c4 O-O 9. Nbd2 Qe7 10. Ne5 Bf5 11. Bf3 Ba3 12. Bxa3 Qxa3 13. Nxd7 Nxd7 14. e4 dxe4 15. Nxe4 Bxe4 16. Bxe4 Nf6 17. Bc2 Rad8 18. Qd3 Rd7 19. Qe3 Rfd8 20. Rad1 Qb2 21. Rd2 Qa3 22. Rfd1 Kf8 23. Bb1 Qb4 24. h3 c5 25. Kf1 cxd4 26. Rxd4 Rxd4 27. Rxd4 Rxd4 28. Qxd4 a5 29. Ke2 Ke7 30. Qb2 g6 31. a3 Qc5 32. Bd3 Nd7 33. b4 axb4 34. axb4 Qg5 35. Be4 b6 36. Qd4 f5 37. Bc6 Nf6 38. Qxb6 Qc1 39. Qc7+ Kf8 40. Qd8+ Kf7 41. Qd4 e5 42. Bd5+ Nxd5 43. Qxd5+ Kf8 44. Qd8+ Kg7 45. Qc7+ Kh6 46. Qxe5 Qxc4+ 47. Kf3 Qxb4 48. Qe3+ Kg7 49. Qe5+ Kg8 50. Qe6+ Kg7 51. Qe5+ Kh6 52. Qf4+ Qxf4+ 53. Kxf4 Kg7 54. g3 Kf6 55. h4 h6 56. f3 g5+ 57. hxg5+ hxg5+ 58. Ke3 Ke5 59. Kd3 Kd5 60. Ke3 Ke5 61. f4+ gxf4+ 62. gxf4+ Kd5 63. Kd3 Kc5 64. Kc3 Kd5 65. Kd3 Kc5 66. Kc3 Kd5 67. Kd3 1/2-1/2


[Site "https://www.chess.com"]

[Event "Titled Tuesday Blitz June 28 Early 2022"]
[White "Garcia, Gabriel Gonzaga"]
[Black "Donatti, Alvaro"]
[WhiteFideId "2138956"]
[BlackFideId "3000303"]
[WhiteElo "2240"]
[BlackElo "2138"]
[Result "0-1"]
[Round "05"]
[TimeControl "180+1"]
[Date "2022.06.28"]
[WhiteClock "0:01:58"]
[BlackClock "0:01:58"]

1. e4 c5 2. Nf3 e6 3. d4 cxd4 4. Nxd4 a6 5. Nc3 Qc7 6. Be2 Nf6 7. O-O Bb4 8. Bd3 O-O 9. Bg5 Be7 10. Qf3 Nc6 11. Nxc6 bxc6 12. Rfe1 e5 13. Qg3 Rb8 14. Rab1 Kh8 15. Bc4 d6 16. Red1 Be6 17. Bb3 Bxb3 18. axb3 Nh5 19. Qh4 Bxg5 20. Qxg5 Nf4 21. g3 Nh3+ 0-1


[Site "https://www.chess.com"]

[Event "Titled Tuesday Blitz June 28 Early 2022"]
[White "Gardezi, Arsal"]
[Black "Novikova, Galina"]
[WhiteFideId "30949521"]
[BlackFideId "4157095"]
[WhiteElo "1781"]
[BlackElo "1863"]
[Result "1-0"]
[Round "05"]
[TimeControl "180+1"]
[Date "2022.06.28"]
[WhiteClock "0:00:02"]
[BlackClock "0:00:04"]

1. e4 e6 2. d4 d5 3. Nd2 Nc6 4. Ngf3 g5 5. h3 Qf6 6. e5 Qg7 7. c3 Bd7 8. Bd3 O-O-O 9. Nf1 h6 10. Ng3 f6 11. exf6 Nxf6 12. Be3 Bd6 13. Qc2 Kb8 14. O-O-O e5 15. dxe5 Nxe5 16. Nxe5 Bxe5 17. Nf5 Qf8 18. Rhe1 Bxf5 19. Bxf5 Qd6 20. Bd4 Rhe8 21. Bg6 Re7 22. Kb1 Bxd4 23. Rxe7 Qxe7 24. Rxd4 a6 25. Rd1 Qc5 26. Qd3 Rd6 27. Rd2 Re6 28. Kc2 Rb6 29. Kb1 Qa5 30. Qd4 Qb5 31. Bf7 Rd6 32. f3 Qf1+ 33. Kc2 Qb5 34. Kb1 Qd7 35. Bg6 Qe7 36. Bd3 Re6 37. Kc2 Re1 38. Bf5 Nh5 39. Qh8+ Ka7 40. Qd4+ b6 41. Qxd5 Nf4 42. Qd7 Qxd7 43. Rxd7 Kb7 44. Be4+ Kc8 45. Rh7 Nxg2 46. Rh8+ Kd7 47. Rxh6 Nf4 48. Rh7+ Kd6 49. Rh6+ Kd7 50. Rh7+ Kd8 51. Rh8+ Ke7 52. Rg8 Nxh3 53. Bf5 Nf4 54. Rxg5 Nd5 55. Be4 Nf6 56. Re5+ Kd6 57. Rf5 Nd7 58. Rd5+ Ke7 59. Rd2 Nc5 60. Bd5 Rg1 61. b4 Na4 62. Kb3 b5 63. c4 Nb6 64. c5 Nxd5 65. Rxd5 Rg2 66. Rd3 Rg3 67. Re3+ Kd7 68. a4 Kc6 69. Re6+ Kb7 70. axb5 axb5 71. Re3 Rg1 72. Rc3 Rb1+ 73. Kc2 Rf1 74. Kb3 c6 75. Re3 Rb1+ 76. Kc3 Rf1 77. Kd3 Rb1 78. Re4 Rb3+ 79. Ke2 Rb2+ 80. Ke3 Rb1 81. Kf4 Kc7 82. Ke5 Kd7 83. f4 Rd1 84. Kf6 Rd5 85. f5 Rd1 86. Ke5 Rf1 87. f6 Rf2 88. Rf4 Re2+ 89. Kf5 Ke8 90. Kg6 Kf8 91. Rh4 Rg2+ 92. Kf5 Rf2+ 93. Rf4 Rb2 94. Re4 Rf2+ 95. Ke6 Rb2 96. Rd4 Re2+ 97. Kd7 Rf2 98. Rd6 Rb2 99. Kxc6 Rxb4 100. Kb6 Rb3 101. c6 Ke8 102. c7 Rc3 103. Rd8+ Kf7 104. c8=Q Rc6+ 105. Qxc6 Kg6 106. Qe8+ 1-0


[Site "https://www.chess.com"]

[Event "Titled Tuesday Blitz June 28 Early 2022"]
[White "Gatterer, Florian"]
[Black "Pein, Jonathan"]
[WhiteFideId "811688"]
[BlackFideId "417092"]
[WhiteElo "2218"]
[BlackElo "2140"]
[Result "1-0"]
[Round "05"]
[TimeControl "180+1"]
[Date "2022.06.28"]
[WhiteClock "0:00:16"]
[BlackClock "0:00:11"]

1. d4 Nc6 2. Nf3 d5 3. g3 Bf5 4. Bg2 Qd7 5. c3 f6 6. b4 e6 7. a4 g5 8. h4 g4 9. Nfd2 O-O-O 10. a5 h5 11. O-O e5 12. b5 Nb8 13. b6 cxb6 14. axb6 a6 15. e4 dxe4 16. Nxe4 exd4 17. cxd4 Qxd4 18. Qc2+ Nc6 19. Nd6+ Qxd6 20. Qxf5+ Qd7 21. Qc2 Ne7 22. Bf4 Qd3 23. Qc1 f5 24. Be5 Rg8 25. Na3 Bg7 26. Bxg7 Rxg7 27. Nc4 Qd4 28. Na5 Rg6 29. Qc2 Rgd6 30. Nxc6 Nxc6 31. Qxf5+ Kb8 32. Qxh5 Rf8 33. Bxc6 Rxc6 34. Rad1 Qxb6 35. Qxg4 Rcf6 36. Qe2 a5 37. Rb1 Qc5 38. Qe4 R6f7 39. Rb2 Rg8 40. Kg2 Re7 41. Qf3 Rc7 42. Rfb1 Rh8 43. Rxb7+ Kc8 44. Rb8+ Kd7 45. Rxh8 1-0


[Site "https://www.chess.com"]

[Event "Titled Tuesday Blitz June 28 Early 2022"]
[White "Ghazarian, Kirk"]
[Black "Djabri,Massinas"]
[WhiteFideId "30908604"]
[BlackFideId "7905726"]
[WhiteElo "2003"]
[BlackElo "1941"]
[Result "0-1"]
[Round "05"]
[TimeControl "180+1"]
[Date "2022.06.28"]
[WhiteClock "0:01:21"]
[BlackClock "0:01:15"]

1. e4 e5 2. d4 exd4 3. Qxd4 Nc6 4. Qe3 Nf6 5. Nc3 Bb4 6. Bd2 O-O 7. O-O-O Re8 8. Qg3 Rxe4 9. a3 Rg4 10. Qf3 Be7 11. h3 Rd4 12. Nge2 Rd6 13. Ng3 Re6 14. Bf4 d6 15. Nf5 Nd7 16. Bc4 Rf6 17. Qg4 Rg6 18. Qh5 Nde5 19. Bb3 Bxf5 20. Qxf5 Rf6 21. Qe4 Rxf4 22. Qxf4 Bg5 0-1


[Site "https://www.chess.com"]

[Event "Titled Tuesday Blitz June 28 Early 2022"]
[White "Gormally, Daniel W"]
[Black "Martinez Alcantara, Jose Eduardo"]
[WhiteFideId "406465"]
[BlackFideId "3805662"]
[WhiteElo "2543"]
[BlackElo "2703"]
[Result "1-0"]
[Round "05"]
[TimeControl "180+1"]
[Date "2022.06.28"]
[WhiteClock "0:00:15"]
[BlackClock "0:00:26"]

1. e4 c5 2. Nc3 Nc6 3. Bb5 g6 4. Bxc6 bxc6 5. d3 Bg7 6. Be3 d6 7. Nge2 f5 8. exf5 Bxf5 9. O-O Nf6 10. h3 O-O 11. Qd2 e5 12. f4 exf4 13. Bxf4 Nd5 14. Bh6 Qe7 15. Bxg7 Qxg7 16. Rf3 Rab8 17. b3 Rbe8 18. Raf1 Nxc3 19. Nxc3 h5 20. Ne2 Qe5 21. Ng3 Be6 22. Qh6 Qg7 23. Rxf8+ Rxf8 24. Rxf8+ Kxf8 25. Qxg7+ Kxg7 26. Ne4 d5 27. Nxc5 Bc8 28. Kf2 h4 29. Kf3 Kf6 30. d4 g5 31. c3 Bf5 32. b4 Ke7 33. g4 Bc8 34. a4 Kd6 35. Nd3 Kc7 36. Ne5 Be6 37. Ke3 a5 38. bxa5 Kb7 39. Nf3 Ka6 40. Nxg5 Bg8 41. Nf3 Kxa5 42. Nxh4 Kxa4 43. Kd2 Kb3 44. Nf5 Kc4 45. Ne7 Be6 46. g5 c5 47. dxc5 Kxc5 48. h4 Kd6 49. Ng6 Bf5 50. Nf4 Ke5 51. Ke3 Bg4 52. g6 Kf5 53. g7 d4+ 54. cxd4 Kf6 55. g8=Q Bf5 56. Qg5+ 1-0


[Site "https://www.chess.com"]

[Event "Titled Tuesday Blitz June 28 Early 2022"]
[White "Gracia Alvarez, Gerardo Antonio"]
[Black "Horak, Martin"]
[WhiteFideId "5109124"]
[BlackFideId "367095"]
[WhiteElo "2139"]
[BlackElo "1997"]
[Result "1-0"]
[Round "05"]
[TimeControl "180+1"]
[Date "2022.06.28"]
[WhiteClock "0:00:33"]
[BlackClock "0:00:06"]

1. e4 c5 2. Nc3 Nc6 3. Bb5 Nd4 4. Nf3 Nxb5 5. Nxb5 d5 6. exd5 a6 7. Nc3 Nf6 8. d4 c4 9. O-O Nxd5 10. Ne5 b5 11. Qf3 Be6 12. a4 b4 13. Ne4 Nf6 14. Nxf6+ exf6 15. Qc6+ Ke7 16. Bd2 a5 17. Rfe1 fxe5 18. Bg5+ f6 19. Rxe5 Qc8 20. Qe4 fxg5 21. Re1 Ra6 22. d5 Kf7 23. dxe6+ Kg8 24. e7 Bxe7 25. Rxe7 Kf8 26. Re8+ 1-0


[Site "https://www.chess.com"]

[Event "Titled Tuesday Blitz June 28 Early 2022"]
[White "Gurevich, Dmitry"]
[Black "Costachi, Mihnea"]
[WhiteFideId "2000407"]
[BlackFideId "1217518"]
[WhiteElo "2506"]
[BlackElo "2476"]
[Result "1-0"]
[Round "05"]
[TimeControl "180+1"]
[Date "2022.06.28"]
[WhiteClock "0:00:26"]
[BlackClock "0:00:23"]

1. d4 Nf6 2. c4 c5 3. Nf3 e6 4. g3 cxd4 5. Nxd4 d5 6. Bg2 Nc6 7. O-O Be7 8. cxd5 exd5 9. Nc3 O-O 10. Bf4 a6 11. Rc1 Bg4 12. h3 Be6 13. Nxe6 fxe6 14. e4 d4 15. e5 dxc3 16. exf6 Bxf6 17. bxc3 Qa5 18. Qb3 Kh8 19. Qxb7 Ne5 20. Qb4 Qxb4 21. cxb4 Rac8 22. Rxc8 Rxc8 23. Bb7 Rc2 24. Rc1 Rxc1+ 25. Bxc1 Nd3 26. Bd2 Bd4 27. Bxa6 Nxf2 28. Kg2 Ne4 29. Be1 Nc3 30. Bc4 e5 31. Bb3 g5 32. a4 Kg7 33. a5 Kf6 34. a6 Nb5 35. Bc4 Na7 36. b5 Ke7 37. Bf2 Nc8 38. Bd3 h6 39. Bxd4 exd4 40. Kf3 Kd6 41. Kg4 Kc5 42. Kh5 Kb4 43. Kxh6 g4 44. hxg4 Kc3 45. Bf1 d3 46. Bxd3 Kxd3 47. g5 Kc4 48. g6 Kxb5 49. g7 Ne7 50. a7 Nf5+ 51. Kg6 Kb6 52. Kxf5 Kxa7 53. g8=Q 1-0


[Site "https://www.chess.com"]

[Event "Titled Tuesday Blitz June 28 Early 2022"]
[White "Guz, Ari"]
[Black "Baches Garcia, Guillermo"]
[WhiteFideId "2825759"]
[BlackFideId "2209764"]
[WhiteElo "1913"]
[BlackElo "2471"]
[Result "0-1"]
[Round "05"]
[TimeControl "180+1"]
[Date "2022.06.28"]
[WhiteClock "0:00:07"]
[BlackClock "0:00:19"]

1. e4 c5 2. Nf3 d6 3. c3 Nf6 4. h3 Bd7 5. Qc2 Qc7 6. Be2 g6 7. O-O Bg7 8. a3 O-O 9. b4 b6 10. Bb2 Rc8 11. Qd1 Nxe4 12. d3 Nf6 13. Nbd2 Nc6 14. Re1 e5 15. Rc1 Re8 16. Bf1 Rad8 17. d4 Bf5 18. Qb3 Be6 19. Qd1 Bd5 20. Ng5 h6 21. Ngf3 e4 22. Nh2 cxd4 23. cxd4 Qb7 24. Bb5 a6 25. Ba4 b5 26. Bc2 Ne7 27. Nhf1 Nf5 28. Ne3 Nxe3 29. Rxe3 h5 30. Qe2 Bh6 31. Rg3 h4 32. Rc3 Qe7 33. Re1 Rc8 34. Rxc8 Rxc8 35. Nb3 Qe6 36. Na5 Re8 37. Bb3 Bxb3 38. Nc6 Bd5 39. Na5 e3 40. f3 Bf4 41. Bc1 Bg3 42. Rd1 Bf2+ 43. Kh1 Nh5 44. g4 Ng3+ 45. Kg2 Nxe2 0-1


[Site "https://www.chess.com"]

[Event "Titled Tuesday Blitz June 28 Early 2022"]
[White "Hafiz, Arif Abdul"]
[Black "Al-Tarboush, Ward"]
[WhiteFideId "7104227"]
[BlackFideId "7601450"]
[WhiteElo "2198"]
[BlackElo "2249"]
[Result "0-1"]
[Round "05"]
[TimeControl "180+1"]
[Date "2022.06.28"]
[WhiteClock "0:00:55"]
[BlackClock "0:00:57"]

1. e4 e6 2. d4 d5 3. Nc3 Nf6 4. Bg5 dxe4 5. Nxe4 Be7 6. Bxf6 gxf6 7. Nf3 f5 8. Ng3 c5 9. Qd2 h5 10. h4 Nc6 11. O-O-O cxd4 12. Nxd4 Qxd4 13. Qxd4 Nxd4 14. Rxd4 Bd7 15. Be2 Bc6 16. Nxh5 Bxg2 17. Rg1 Bc6 18. c4 Bc5 19. Rd3 Bxf2 20. Rf1 Bxh4 21. b4 Bg5+ 22. Kb2 Be4 23. Rdd1 Ke7 24. c5 Be3 25. Kb3 a5 26. a3 axb4 27. axb4 Bd5+ 0-1


[Site "https://www.chess.com"]

[Event "Titled Tuesday Blitz June 28 Early 2022"]
[White "Hambleton, Aman"]
[Black "Hollan, Petr"]
[WhiteFideId "2606577"]
[BlackFideId "360945"]
[WhiteElo "2552"]
[BlackElo "2284"]
[Result "1-0"]
[Round "05"]
[TimeControl "180+1"]
[Date "2022.06.28"]
[WhiteClock "0:00:08"]
[BlackClock "0:01:40"]

1. d4 Nf6 2. c4 g6 3. Nc3 Bg7 4. e4 d6 5. f3 O-O 6. Be3 Nc6 7. Nge2 e5 8. Qd2 exd4 9. Nxd4 Nxd4 10. Bxd4 Be6 11. Be2 Nd7 12. O-O c6 13. Be3 Nb6 14. Bd4 d5 15. cxd5 cxd5 16. exd5 Nxd5 17. Bxg7 Kxg7 18. Nxd5 Qxd5 19. Qxd5 Bxd5 20. a3 Rac8 21. Rac1 Be6 22. Kf2 Rfd8 23. Ke3 Rxc1 24. Rxc1 Rd6 25. Rc7 Rb6 26. b4 a5 27. b5 Kf6 28. Kd4 Rd6+ 29. Kc3 b6 30. Bc4 Bxc4 31. Rxc4 Ke5 32. a4 f5 33. f4+ Ke6 34. Rc7 h5 35. Kc4 Rd1 36. Rc6+ Kf7 37. Rxb6 Ra1 38. Kb3 Rb1+ 39. Kc3 Ra1 40. Kb3 Rb1+ 41. Ka2 Rb4 42. Ka3 Rxf4 43. Ra6 Rf2 44. Rxa5 Rxg2 45. b6 Rg1 46. Ka2 Rg2+ 47. Ka3 Rxh2 48. b7 Rh3+ 49. Ka2 Rh2+ 50. Ka3 Rh3+ 51. Kb4 Rh4+ 52. Kc5 Rh1 53. b8=Q Rc1+ 54. Kd6 Rd1+ 55. Rd5 Re1 56. Qc7+ Kf6 57. Qd8+ Kf7 58. Qd7+ Kf6 59. a5 h4 60. Qd8+ Kf7 61. Qxh4 Re6+ 62. Kd7 Rf6 63. Qh7+ Kf8 64. Qe7+ Kg8 65. Qxf6 Kh7 66. Rd4 1-0


[Site "https://www.chess.com"]

[Event "Titled Tuesday Blitz June 28 Early 2022"]
[White "Hamley, Ryan"]
[Black "Barria Zuniga, Daniel"]
[WhiteFideId "30959497"]
[BlackFideId "3400816"]
[WhiteElo "2484"]
[BlackElo "2414"]
[Result "0-1"]
[Round "05"]
[TimeControl "180+1"]
[Date "2022.06.28"]
[WhiteClock "0:00:46"]
[BlackClock "0:01:48"]

1. d4 Nf6 2. c4 e6 3. g3 c5 4. d5 exd5 5. cxd5 d6 6. Bg2 g6 7. Nc3 Bg7 8. Nf3 O-O 9. O-O a6 10. a4 Re8 11. Nd2 Nbd7 12. Nc4 Ne5 13. Nxe5 Rxe5 14. Bf4 Re8 15. e4 Ng4 16. h3 Ne5 17. a5 b5 18. axb6 Qxb6 19. Qc2 a5 20. Rfe1 Ba6 21. Rad1 Rab8 22. Bc1 Qb3 23. Qb1 Nc4 24. Qd3 Rb6 25. Qf3 a4 26. Bf1 a3 0-1


[Site "https://www.chess.com"]

[Event "Titled Tuesday Blitz June 28 Early 2022"]
[White "Heinemann, Josefine"]
[Black "Saito, Vinicius"]
[WhiteFideId "12900460"]
[BlackFideId "2113384"]
[WhiteElo "2300"]
[BlackElo "2168"]
[Result "0-1"]
[Round "05"]
[TimeControl "180+1"]
[Date "2022.06.28"]
[WhiteClock "0:00:04"]
[BlackClock "0:00:19"]

1. Nf3 Nf6 2. c4 g6 3. Nc3 Bg7 4. d4 O-O 5. g3 d6 6. Bg2 Nc6 7. O-O a6 8. b3 Rb8 9. Bb2 b5 10. cxb5 axb5 11. e3 Bd7 12. Qe2 b4 13. Na4 e6 14. Rfc1 Ne7 15. e4 Bxa4 16. bxa4 Qd7 17. a5 c6 18. a6 Ra8 19. a3 Rfb8 20. axb4 Rxb4 21. Bc3 Rb6 22. Bf1 d5 23. e5 Ne4 24. Be1 Qa7 25. Rcb1 Bf8 26. Qc2 Nf5 27. Rxb6 Qxb6 28. Qd3 c5 29. Rb1 Qc6 30. dxc5 Bxc5 31. Qb5 Qxb5 32. Bxb5 Ba7 33. Kg2 Rb8 34. Bd3 Rxb1 35. Bxb1 Nc5 36. g4 Ng7 37. Nd4 Nxa6 38. Nc6 Bc5 39. Bd3 Nc7 40. f4 Nge8 41. Ba5 Na8 42. h4 Nac7 43. h5 Kg7 44. Kg3 Kh6 45. hxg6 hxg6 46. g5+ Kg7 47. Nb4 Kf8 48. Nc2 Na8 49. Ne1 Bb6 50. Bb4+ Kg7 51. Nf3 Bc7 52. Nh2 Nb6 53. Ng4 Nc4 54. Nf6 Nxf6 55. exf6+ Kg8 56. Kf3 Nd6 57. Ba3 Nf5 58. Bb5 Nd4+ 59. Ke3 Nxb5 60. Bc5 Nd6 61. Kf3 Nc4 62. Bd4 Bd6 63. Bc3 Kf8 64. Bd4 Ke8 65. Bc3 Kd7 66. Bd4 e5 67. fxe5 Nxe5+ 68. Kf2 Ke6 69. Bb2 Kf5 70. Kg2 Kxg5 0-1


[Site "https://www.chess.com"]

[Event "Titled Tuesday Blitz June 28 Early 2022"]
[White "Hovhannisyan, Robert"]
[Black "Kollars, Dmitrij"]
[WhiteFideId "13302507"]
[BlackFideId "12909572"]
[WhiteElo "2570"]
[BlackElo "2584"]
[Result "0-1"]
[Round "05"]
[TimeControl "180+1"]
[Date "2022.06.28"]
[WhiteClock "0:00:05"]
[BlackClock "0:00:15"]

1. e4 c5 2. Nf3 Nc6 3. d4 cxd4 4. Nxd4 Nf6 5. Nc3 d6 6. Bg5 e6 7. Qd2 a6 8. Nxc6 bxc6 9. O-O-O Bb7 10. f4 h6 11. Bxf6 gxf6 12. Bc4 Qc7 13. f5 d5 14. Bb3 Bd6 15. Rhf1 O-O-O 16. Qd3 Be5 17. Qh3 Kb8 18. Kb1 Rd6 19. Na4 c5 20. c4 dxe4 21. Rxd6 Qxd6 22. Rd1 Bd4 23. Bc2 Ka7 24. Nc3 Qe5 25. Qg4 Qxf5 26. Qxf5 exf5 27. Rf1 Bxc3 28. bxc3 Bc8 29. Kc1 Rg8 30. g3 Be6 31. Kd2 h5 32. Rf4 Kb6 33. Ke3 Kc7 34. Bd1 Kd6 35. Bxh5 Rh8 36. Rh4 Ke5 37. a3 a5 38. Kf2 Bxc4 39. Ke3 Be6 40. Kf2 Rd8 41. Be2 Rd2 42. Ke3 Rc2 43. Rh8 Rxc3+ 44. Kd2 Rxa3 45. Ra8 e3+ 46. Kc2 Ra2+ 47. Kd3 Ra3+ 48. Kc2 f4 49. gxf4+ Kxf4 50. Kb2 Ra2+ 51. Kc3 Rxe2 52. Rxa5 Re1 53. Ra4+ Ke5 54. Rh4 f5 55. Rh8 f4 56. Rg8 f3 57. Rg5+ f5 0-1


[Site "https://www.chess.com"]

[Event "Titled Tuesday Blitz June 28 Early 2022"]
[White "Ibarra Jerez, Jose Carlos"]
[Black "Harvey, Marcus R"]
[WhiteFideId "2226332"]
[BlackFideId "400092"]
[WhiteElo "2628"]
[BlackElo "2485"]
[Result "1-0"]
[Round "05"]
[TimeControl "180+1"]
[Date "2022.06.28"]
[WhiteClock "0:00:04"]
[BlackClock "0:00:02"]

1. Nf3 d5 2. g3 g6 3. Bg2 Bg7 4. O-O e5 5. d3 Ne7 6. e4 O-O 7. exd5 Nxd5 8. Re1 Re8 9. Nc3 Nxc3 10. bxc3 Nc6 11. Nd2 Be6 12. Rb1 Qc8 13. a4 Bg4 14. f3 Bd7 15. Ne4 b6 16. Bg5 Re6 17. Nd2 Qf8 18. Be3 Ree8 19. Qc1 Na5 20. Ra1 c5 21. c4 Rad8 22. Ne4 f5 23. Nc3 e4 24. Nd5 exd3 25. Ra2 dxc2 26. Rxc2 Bxa4 27. Rce2 Bc6 28. Bg5 Rxe2 29. Rxe2 Re8 30. Qe1 Rxe2 31. Qxe2 Qe8 32. Qd3 Bd4+ 33. Kf1 Nxc4 34. Ne7+ Kf8 35. Nxc6 Qxc6 36. Qxc4 b5 37. Bh6+ Ke7 38. Qe2+ Kd7 39. f4 Qe6 40. Qxb5+ Ke7 41. Bg5+ Kf7 42. Qb7+ Kf8 43. Qa8+ Kf7 44. Bd5 1-0


[Site "https://www.chess.com"]

[Event "Titled Tuesday Blitz June 28 Early 2022"]
[White "Iinuma, Paul Y"]
[Black "Silva, Pedro Gil Ferreira Da"]
[WhiteFideId "2031809"]
[BlackFideId "1946102"]
[WhiteElo "2052"]
[BlackElo "1863"]
[Result "1-0"]
[Round "05"]
[TimeControl "180+1"]
[Date "2022.06.28"]
[WhiteClock "0:00:45"]
[BlackClock "0:01:32"]

1. c4 c5 2. Nf3 Nc6 3. Nc3 g6 4. d4 cxd4 5. Nxd4 Bg7 6. Nc2 Nf6 7. g3 O-O 8. Bg2 d6 9. O-O Bd7 10. Bd2 Rc8 11. Rc1 a6 12. b3 Ne5 13. f4 Nc6 14. e4 b5 15. cxb5 axb5 16. h3 b4 17. Nd5 Nxd5 18. exd5 Nd4 19. Kh2 Nxc2 20. Rxc2 Qb6 21. Re1 Rxc2 22. Qxc2 Rc8 23. Qe4 Bf6 24. Qxb4 Qxb4 25. Bxb4 Rc2 26. a4 Rb2 27. Re3 h5 28. Be1 Bh4 29. gxh4 1-0


[Site "https://www.chess.com"]

[Event "Titled Tuesday Blitz June 28 Early 2022"]
[White "Ismagilov, Damir"]
[Black "Livaic, Leon"]
[WhiteFideId "34199982"]
[BlackFideId "14531534"]
[WhiteElo "2138"]
[BlackElo "2540"]
[Result "0-1"]
[Round "05"]
[TimeControl "180+1"]
[Date "2022.06.28"]
[WhiteClock "0:00:06"]
[BlackClock "0:00:10"]

1. d4 Nf6 2. c4 e6 3. Nf3 c5 4. d5 d6 5. Nc3 exd5 6. cxd5 g6 7. Nd2 Bg7 8. e4 O-O 9. Be2 Na6 10. O-O Nc7 11. a4 Re8 12. f3 b6 13. Kh1 Rb8 14. Nc4 Ba6 15. Bg5 Qd7 16. Qd2 Bxc4 17. Bxc4 a6 18. a5 b5 19. Bd3 Rec8 20. Rfe1 Qe8 21. f4 c4 22. Bc2 b4 23. Na4 b3 24. Bb1 Nd7 25. Nc3 Nb5 26. e5 Nxc3 27. Qxc3 dxe5 28. f5 Nf6 29. fxg6 hxg6 30. Bxf6 Bxf6 31. Be4 Qe7 32. Rf1 Bg7 33. g4 Qb4 34. Qf3 Rf8 35. h4 c3 36. bxc3 Qc4 37. h5 b2 38. Rab1 f5 39. gxf5 gxf5 40. Bd3 Qh4+ 41. Kg1 e4 42. Qf4 Qxf4 43. Rxf4 exd3 44. Rf3 d2 45. Rd3 Bxc3 46. Rxc3 Rfc8 47. Rxc8+ Rxc8 48. Kf2 Rc1 49. d6 Kf7 50. d7 Ke7 51. Rxb2 d1=Q 52. d8=Q+ Kxd8 53. Rb7 Qf1+ 0-1


[Site "https://www.chess.com"]

[Event "Titled Tuesday Blitz June 28 Early 2022"]
[White "Ismayil, Malak"]
[Black "Kanyamarala, Trisha"]
[WhiteFideId "13412604"]
[BlackFideId "45004722"]
[WhiteElo "1879"]
[BlackElo "2134"]
[Result "0-1"]
[Round "05"]
[TimeControl "180+1"]
[Date "2022.06.28"]
[WhiteClock "0:00:04"]
[BlackClock "0:00:02"]

1. e4 c5 2. Nf3 a6 3. Nc3 d6 4. d4 cxd4 5. Nxd4 Nc6 6. Nxc6 bxc6 7. Bc4 e5 8. O-O Nf6 9. h3 Be7 10. Be3 Bb7 11. Bb3 d5 12. Bg5 d4 13. Bxf6 Bxf6 14. Na4 O-O 15. c3 Be7 16. cxd4 exd4 17. Rc1 Qd6 18. Nc5 Bc8 19. Qd3 Rd8 20. Rfd1 Qe5 21. Qc4 Bxc5 22. Qxc5 Qxe4 23. Re1 Qg6 24. Re7 Be6 25. Bxe6 fxe6 26. Qxc6 d3 27. Rxe6 Qh5 28. f3 Rac8 29. Qxc8 Rxc8 30. Rxc8+ Kf7 31. Rd6 Qf5 32. Rcd8 Qe5 33. Rxd3 Qe1+ 34. Kh2 Qe5+ 35. Kg1 Qe1+ 36. Kh2 Qe5+ 37. f4 Qxf4+ 38. Kg1 Qc1+ 39. Rd1 Qxb2 40. R1d2 Qb6+ 41. Kh2 Qc7+ 42. Kh1 Qc1+ 43. Rd1 Qb2 44. R8d7+ Ke6 45. R7d6+ Ke5 46. Rxa6 h6 47. Re1+ Kf5 48. Rf1+ Kg5 49. Ra5+ Kg6 50. a4 Qb4 51. Ra6+ Kh7 52. a5 Qc4 0-1


[Site "https://www.chess.com"]

[Event "Titled Tuesday Blitz June 28 Early 2022"]
[White "Jaskolka, Tomasz"]
[Black "Li, Zhuoling"]
[WhiteFideId "1170791"]
[BlackFideId "8605629"]
[WhiteElo "2073"]
[BlackElo "2300"]
[Result "1-0"]
[Round "05"]
[TimeControl "180+1"]
[Date "2022.06.28"]
[WhiteClock "0:00:35"]
[BlackClock "0:00:04"]

1. d4 Nf6 2. Bf4 d5 3. e3 e6 4. c3 Bd6 5. Bg3 O-O 6. Nd2 c6 7. Ngf3 Qe7 8. Bd3 Nbd7 9. Ne5 Re8 10. f4 c5 11. Qf3 cxd4 12. exd4 Nf8 13. Bh4 Ng6 14. Bg5 Qc7 15. h4 Bxe5 16. fxe5 Nd7 17. h5 Ngxe5 18. dxe5 Qxe5+ 19. Qe3 Qxe3+ 20. Bxe3 e5 21. O-O-O Nf6 22. Rdf1 Bd7 23. h6 Ng4 24. Bxh7+ Kxh7 25. Rxf7 Nxe3 26. Rxd7 Rg8 27. Nf3 Ng4 28. hxg7+ Kg6 29. Rxd5 Rae8 30. Rd6+ Kxg7 31. Ng5 Re7 32. Rh7+ Kf8 33. Rd8+ Re8 34. Ne6# 1-0


[Site "https://www.chess.com"]

[Event "Titled Tuesday Blitz June 28 Early 2022"]
[White "Jia, Haoxiang"]
[Black "Sukandar, Irine Kharisma"]
[WhiteFideId "8602999"]
[BlackFideId "7101937"]
[WhiteElo "2613"]
[BlackElo "2293"]
[Result "1/2-1/2"]
[Round "05"]
[TimeControl "180+1"]
[Date "2022.06.28"]
[WhiteClock "0:00:13"]
[BlackClock "0:00:19"]

1. d4 Nf6 2. c4 c5 3. d5 b5 4. cxb5 a6 5. bxa6 g6 6. Nc3 Bg7 7. Nf3 Bxa6 8. e4 Bxf1 9. Kxf1 d6 10. g3 O-O 11. Kg2 Qa5 12. h3 Na6 13. Re1 Rfb8 14. e5 Nd7 15. e6 fxe6 16. Rxe6 Re8 17. Bg5 Bxc3 18. bxc3 Qxc3 19. Rxe7 Ne5 20. Rc1 Qxf3+ 21. Qxf3 Nxf3 22. Kxf3 Nb4 23. Rxe8+ Rxe8 24. Bf4 Rf8 25. Ke4 Nxa2 26. Rc4 Rf6 27. f3 Nb4 28. Bd2 Rf5 29. Bxb4 Re5+ 30. Kf4 cxb4 31. Rxb4 Rxd5 32. Rb7 Rf5+ 33. Ke4 Re5+ 34. Kd4 Re1 35. Rd7 Rg1 36. g4 Rg3 37. Ke4 Rxh3 38. Rxd6 Rh1 39. Rd7 Re1+ 40. Kf4 Re2 41. Kg5 Re3 42. f4 Ra3 43. Rb7 Rc3 44. Kh6 Rh3+ 45. Kg5 Ra3 46. f5 gxf5 47. gxf5 Ra6 48. f6 Ra1 49. Rg7+ Kf8 50. Rxh7 Rg1+ 51. Kf5 Rf1+ 52. Ke6 Re1+ 53. Kd6 Rd1+ 54. Kc5 Rf1 55. f7 Rxf7 56. Rxf7+ Kxf7 1/2-1/2


[Site "https://www.chess.com"]